 Dungeon Crawl Stone Soup version 0.29.1-2-gbd0b4ee654 (webtiles) character file.

Game seed: 3218332070479426567

1867 hawla the Chiller (level 9, -6/82 (97) HPs)
             Began as a Gnoll Ice Elementalist on Nov 24, 2022.
             Mangled by Edmund
             ... wielding a +2 flail of draining
              (8 damage)
             ... on level 6 of the Dungeon.
             The game lasted 00:14:17 (6683 turns).

hawla the Chiller (Gnoll Ice Elementalist)          Turns: 6683, Time: 00:14:17

HP:   -6/82 (97)    AC: 24    Str:  8    XL:     9   Next: 13%
MP:   12/18         EV:  2    Int: 19    God:
Gold: 299           SH:  0    Dex: 12    Spells: 13/21 levels left

rFire   . . .      SeeInvis .   A - staff of poison
rCold   . . .      Faith    .   (no shield)
rNeg    . . .      Spirit   .   (body armour currently unavailable)
rPois   +          Reflect  .   (helmet currently unavailable)
rElec   .          Harm     .   (cloak currently unavailable)
rCorr   +          Rampage  .   (gloves currently unavailable)
Will    .....      NoTele   +   (boots currently unavailable)
Stlth   +++.......              (no amulet)
HPRegen 0.23/turn               j - ring of resist corrosion
MPRegen 0.16/turn               (no ring)

@: brilliant, lethally poisoned (-6 -> -7), tree-form, heavily drained
A: stationary, stasis, torment immunity, boosted hp, (fangs 1), strong nose,
distributed training
a: no special abilities


You were on level 6 of the Dungeon.
You were a tree.
You visited 1 branch of the dungeon, and saw 6 of its levels.
You also visited: Ossuary.

You collected 299 gold pieces.

Inventory:

Hand Weapons
 d - a +3 quarterstaff of chaos
 q - a +1 whip of distortion
 x - a +5 vorpal flail
 y - the +1 long sword "Macsas" {holy, rC+}
   (You found it on level 4 of the Dungeon)

   It has been blessed by the Shining One to cause great damage to the undead
   and demons.
   rC:        It protects you from cold.
Missiles
 c - a throwing net
 k - 5 atropa-tipped darts
 u - 9 boomerangs (quivered)
Armour
 a - a +1 robe (melded)
 e - a +1 cloak (melded)
 h - the +1 pair of boots "Qozi Qea" (melded) {SInv}
   (You found it on level 2 of the Dungeon)

   SInv:      It lets you see invisible.
 F - a +0 pair of gloves (melded)
Magical Staves
 t - a staff of earth
 A - a staff of poison (weapon)
 E - a staff of cold
Jewellery
 j - a ring of resist corrosion (left branch)
Scrolls
 i - 3 scrolls of magic mapping
 p - a scroll of acquirement {unknown}
 z - a scroll of immolation {unknown}
Potions
 b - 4 potions of attraction {unknown}
 f - 2 potions of invisibility
 g - a potion of resistance
 l - a potion of brilliance
 n - 3 potions of haste {unknown}
 o - 2 potions of might {unknown}
 r - 5 potions of curing {unknown}
 s - a potion of ambrosia
 v - a potion of flight {unknown}
 w - 4 potions of mutation {unknown}
 B - a potion of berserk rage {unknown}
 D - 4 potions of heal wounds {unknown}


   Skills:
 + Level 4.1 Fighting
 + Level 4.1 Short Blades
 + Level 4.1 Long Blades
 + Level 4.1 Axes
 + Level 4.1 Maces & Flails
 + Level 4.1 Polearms
 + Level 4.1 Staves
 + Level 4.1 Ranged Weapons
 + Level 4.1 Throwing
 + Level 4.1 Armour
 + Level 6.2 Dodging
 + Level 5.9 Stealth
 + Level 4.1 Shields
 + Level 4.1 Unarmed Combat
 + Level 6.5 Spellcasting
 + Level 3.3 Conjurations
 + Level 3.3 Hexes
 + Level 3.3 Summonings
 + Level 3.3 Necromancy
 + Level 3.3 Translocations
 + Level 3.3 Transmutations
 + Level 3.3 Fire Magic
 + Level 7.9 Ice Magic
 + Level 3.3 Air Magic
 + Level 3.3 Earth Magic
 + Level 3.3 Poison Magic
 + Level 4.5 Invocations
 + Level 4.1 Evocations


You had 13 spell levels left.
You knew the following spells:

 Your Spells              Type           Power      Damage    Failure   Level
a - Freeze                Ice            100%       1d11      1%          1
b - Frozen Ramparts       Ice            100%       1d16      1%          3
c - Hailstorm             Conj/Ice       41%        3d10      11%         4

Your spell library contained the following spells:

 Spells                   Type           Power      Damage    Failure   Level
 Ozocubu's Armour         Ice            53%        N/A       1%          3
 Summon Small Mammal      Summ           100%       N/A       2%          1
 Call Canine Familiar     Summ           28%        N/A       8%          3
 Confusing Touch          Hex            28%        N/A       8%          3
 Summon Guardian Golem    Hex/Summ       28%        N/A       8%          3
 Yara's Violent Unravell  Hex/Tmut       14%        3d7       58%         5
 Dispersal                Tloc           14%        N/A       99%         6
 Enfeeble                 Hex            14%        N/A       100%        7
 Disjunction              Tloc           14%        N/A       100%        8


Dungeon Overview and Level Annotations

Branches:
Dungeon (6/15)            Ossuary (visited)
 Temple: D:4-7

Altars:
Qazlal
Sif Muna
Zin

Annotations:
D:6 Edmund


Innate Abilities, Weirdness & Mutations

You are a tree.
Your roots penetrate the ground, keeping you stationary.
You cannot be teleported.
You are immune to unholy pain and torment.
Your maximum health is greatly increased.
Your equipment is partially melded.
((You have very sharp teeth.))
Your uncanny sense of smell can sniff out nearby items.
Your experience applies equally to all skills.


Message History

You feel drained. The scorpion barely misses you.
You hit Edmund but do no damage.
Edmund is severely wounded.
You feel sick. Edmund completely misses you. The scorpion barely misses you.
You hit Edmund but do no damage.
You envenom Edmund.
Edmund is poisoned.
Edmund is severely wounded.
You feel sick.
Edmund hits you with a +2 flail of draining!
* * * LOW HITPOINT WARNING * * *
You feel drained.
* * * LOW HITPOINT WARNING * * *
The scorpion completely misses you.
You hit Edmund but do no damage.
Edmund is almost dead.
You feel sick.
You kill the scorpion!
Edmund closely misses you.
Unknown command.
Really quaff the potion of lignification?
You turn into a tree.
Your +1 cloak melds into your body.
Your +0 pair of gloves melds into your body.
The +1 pair of boots "Qozi Qea" {SInv} melds into your body.
Your +1 robe melds into your body.
Your roots penetrate the ground.
You feel sick.
Edmund hits you with a +2 flail of draining.
* * * LOW HITPOINT WARNING * * *
You feel drained.
You hit Edmund.
Edmund is almost dead.
You feel sick.
Edmund hits you with a +2 flail of draining.
* * * LOW HITPOINT WARNING * * *
You feel drained.
Unknown command.
It was a potion of brilliance.
You feel clever all of a sudden.
* * * LOW HITPOINT WARNING * * *
You feel sick.
Edmund hits you with a +2 flail of draining!
You die...

....................
#.$.....................
.......................#
#......................#
......##.............##.
.......#.(..............
........................
......@.................
......†♣.............##.
..##.#............... #.
#.#..................
#................#####
...................
..##^.............# .
##.............#.###
#..#.###..........#.
.[..### #.......#....


You could see Edmund (poisoned).

Vanquished Creatures
  Sigmund (D:2)
  Eustachio (D:6)
  An ice beast (D:5)
  A black bear (D:5)
  An elf zombie (Ossuary)
  3 scorpions
  2 necrophages (D:5)
  2 orc priests
  2 centaur zombies (Ossuary)
  A gnoll bouda (D:4)
  6 hounds
  A human zombie (Ossuary)
  3 jellies
  Crazy Yiuf (D:2)
  An iguana (D:5)
  Natasha (D:2)
  3 orc wizards
  3 mummies
  12 adders
  6 gnolls
  2 shadow imps (D:6)
  2 ufetubi
  4 adder zombies (Ossuary)
  4 worms
  5 dart slugs
  17 orcs
  3 bats
  5 endoplasms
  2 giant cockroaches
  12 goblins
  7 hobgoblins
  6 jackals
  5 kobolds
  3 quokkas
  4 ball pythons
  3 frilled lizards
  9 hobgoblin zombies (Ossuary)
  8 kobold zombies (Ossuary)
  10 orc zombies (Ossuary)
  5 rats
  2 rat zombies (Ossuary)
170 creatures vanquished.

Vanquished Creatures (others)
  An orc wizard (D:5)
1 creature vanquished.

Grand Total: 171 creatures vanquished

Notes
Turn   | Place    | Note
-------+----------+-------------------------------------------
     0 | D:1      | hawla the Gnoll Ice Elementalist began the quest for the
                  | Orb.
     0 | D:1      | Reached XP level 1. HP: 13/13 MP: 6/6
    85 | D:1      | Reached XP level 2. HP: 20/20 MP: 4/7
   180 | D:1      | Reached skill level 5 in Spellcasting
   180 | D:1      | Reached XP level 3. HP: 4/25 MP: 3/9
   518 | D:1      | Learned a level 3 spell: Frozen Ramparts
   634 | D:1      | Reached skill level 1 in Invocations
  1036 | D:1      | Found a faded altar of an unknown god.
  1068 | D:1      | Reached skill level 1 in Fighting
  1068 | D:1      | Reached skill level 1 in Short Blades
  1068 | D:1      | Reached skill level 1 in Long Blades
  1068 | D:1      | Reached skill level 1 in Axes
  1068 | D:1      | Reached skill level 1 in Maces & Flails
  1068 | D:1      | Reached skill level 1 in Polearms
  1068 | D:1      | Reached skill level 1 in Staves
  1068 | D:1      | Reached skill level 1 in Ranged Weapons
  1068 | D:1      | Reached skill level 1 in Throwing
  1068 | D:1      | Reached skill level 1 in Armour
  1068 | D:1      | Reached skill level 1 in Shields
  1068 | D:1      | Reached skill level 1 in Unarmed Combat
  1068 | D:1      | Reached skill level 1 in Evocations
  1246 | D:2      | Found a runed translucent door.
  1247 | D:2      | Noticed Crazy Yiuf
  1252 | D:2      | Killed Crazy Yiuf
  1253 | D:2      | Reached skill level 1 in Conjurations
  1253 | D:2      | Reached skill level 1 in Hexes
  1253 | D:2      | Reached skill level 1 in Summonings
  1253 | D:2      | Reached skill level 1 in Necromancy
  1253 | D:2      | Reached skill level 1 in Translocations
  1253 | D:2      | Reached skill level 1 in Transmutations
  1253 | D:2      | Reached skill level 1 in Fire Magic
  1253 | D:2      | Reached skill level 1 in Air Magic
  1253 | D:2      | Reached skill level 1 in Earth Magic
  1253 | D:2      | Reached skill level 1 in Poison Magic
  1253 | D:2      | Reached XP level 4. HP: 32/32 MP: 7/11
  1408 | D:2      | Identified the +1 pair of boots "Qozi Qea" {SInv}
  1750 | D:2      | Noticed Sigmund
  1760 | D:2      | Killed Sigmund
  1761 | D:2      | Reached XP level 5. HP: 33/38 MP: 9/12
  1761 | D:2      | Reached XP level 6. HP: 38/44 MP: 10/14
  1823 | D:2      | Reached skill level 5 in Dodging
  2079 | D:2      | Noticed Natasha
  2084 | D:2      | Killed Natasha
  3039 | D:3      | Found a glowing silver altar of Zin.
  3039 | D:3      | Noticed an angel
  3428 | D:3      | Reached XP level 7. HP: 46/50 MP: 11/15
  3550 | D:4      | Identified the +1 long sword "Macsas" {holy, rC+}
  3567 | D:4      | Found a sand-covered staircase.
  3584 | D:4      | Learned a level 4 spell: Hailstorm
  3730 | Ossuary  | Entered an ossuary
  3861 | Ossuary  | Reached skill level 5 in Stealth
  4178 | D:4      | Found a stormy altar of Qazlal.
  4680 | D:5      | Entered Level 5 of the Dungeon
  4815 | D:5      | Reached XP level 8. HP: 49/58 MP: 16/16
  5415 | D:5      | Found a shimmering blue altar of Sif Muna.
  6341 | D:6      | Reached XP level 9. HP: 42/65 MP: 10/18
  6461 | D:6      | Noticed Eustachio
  6467 | D:6      | Killed Eustachio
  6662 | D:6      | Noticed Edmund
  6681 | D:6      | HP: 4/85 [Edmund/+2 flail of draining (6)]
  6683 | D:6      | Mangled by Edmund

Illustrated notes

Levels and vault maps discovered:
D:1:      sevenhm_arrival_forest_fort_large_3, layout_basic,
          shapermc_ecumenical_altar_mp_highgroup
D:2:      layout_basic, uniq_natasha, uniq_crazy_yiuf_cottage, uniq_sigmund
D:3:      cheibrodos_greedy_goblins, layout_loops_corners, zin_angel,
          corexii_shack, cheibrodos_gnoll_hut
D:4:      minmay_wonky_spiral, layout_cave_pools,
          nicolae_qazlal_scattered_showers, gup_ossuary_entry_pyramid
D:5:      minmay_opposing_rooms, layout_basic, led_sif_book, serial_glass,
          glass_columns_a, glass_columns_a
D:6:      layout_cave_pools, nicolae_dithmenos_shadow_blocks,
          kennysheep_another_room, sword_in_stone, uniq_eustachio, uniq_edmund

Skill      XL: |  1  2  3  4  5  6  7  8  9 |
---------------+----------------------------+-----
Spellcasting   | 5 6 |  6.5
Invocations    | 1 2 3 4 |  4.5
Fighting       | 1 2 3 4 |  4.1
Short Blades   | 1 2 3 4 |  4.1
Long Blades    | 1 2 3 4 |  4.1
Axes           | 1 2 3 4 |  4.1
Maces & Flails | 1 2 3 4 |  4.1
Polearms       | 1 2 3 4 |  4.1
Staves         | 1 2 3 4 |  4.1
Ranged Weapons | 1 2 3 4 |  4.1
Throwing       | 1 2 3 4 |  4.1
Armour         | 1 2 3 4 |  4.1
Shields        | 1 2 3 4 |  4.1
Unarmed Combat | 1 2 3 4 |  4.1
Evocations     | 1 2 3 4 |  4.1
Conjurations   | 1 2 3 |  3.3
Hexes          | 1 2 3 |  3.3
Summonings     | 1 2 3 |  3.3
Necromancy     | 1 2 3 |  3.3
Translocations | 1 2 3 |  3.3
Transmutations | 1 2 3 |  3.3
Fire Magic     | 1 2 3 |  3.3
Air Magic      | 1 2 3 |  3.3
Earth Magic    | 1 2 3 |  3.3
Poison Magic   | 1 2 3 |  3.3
Dodging        | 5 6 |  6.2
Stealth        | 5 |  5.9
Ice Magic      | |  7.9

Action                   |  1- 3 |  4- 6 |  7- 9 || total
-------------------------+-------+-------+-------++-------
Melee: Whip              |    17 |       |       ||    17
       Unarmed           |     3 |       |       ||     3
       Bite              |     1 |     3 |    28 ||    32
       Quarterstaff      |       |    55 |     2 ||    57
       Long sword        |       |       |   120 ||   120
       Flail             |       |       |    71 ||    71
       Punch             |       |       |    10 ||    10
       Staff             |       |       |    36 ||    36
 Cast: Freeze            |    25 |     3 |       ||    28
       Frozen Ramparts   |     4 |    16 |    12 ||    32
       Hailstorm         |       |       |     3 ||     3
  Use: Potion            |     1 |       |     2 ||     3
       Scroll            |     2 |     3 |    11 ||    16
 Stab: Sleeping          |     3 |     6 |    12 ||    21
Armor: Robe              |    10 |    25 |    86 ||   121
Dodge: Dodged            |    38 |    56 |   184 ||   278
